Map: Abyssal Reef LE

Players

MadDoc

  • Race: Protoss Protoss
  • League: Diamond
  • Spawn Location: 11:00

A.I. 1 (Very Easy) - Winner!

  • Race: Zerg Zerg
  • Spawn Location: 5:00

VOD

Have the link to the VOD?

Description

test

Time

  • Played on: April 6, 2017, 4:08 p.m.
  • Length: 5:19
Show
View Real Time Build Order
Export as new Build Order

MadDoc Protoss 

Build Orders: Phoenix Opening 

Get SALT Encoding   

  12  0:01  Probe (Chrono Boost)  
  13  0:12  Probe (Chrono Boost)  
  14  0:17  Pylon  
  14  0:22  Probe (Chrono Boost)  
  15  0:30  Assimilator  
  15  0:36  Probe (Chrono Boost)  
  16  0:44  Gateway  
  16  0:46  Probe (Chrono Boost)  
  17  0:56  Assimilator  
  17  0:58  Probe (Chrono Boost)  
  18  1:08  Probe (Chrono Boost)  
  19  1:19  Probe (Chrono Boost)  
  20  1:29  Probe (Chrono Boost)  
  20  1:31  Cybernetics Core  
  21  1:54  Nexus  
  21  1:56  Probe (Chrono Boost)  
  22  2:11  Stargate  
  22  2:15  Stargate  
  22  2:18  Probe (Chrono Boost)  
  23  2:27  Pylon  
  23  2:42  Assimilator  
  23  2:45  Probe (Chrono Boost)  
  24  2:55  Phoenix  
  24  2:57  Probe (Chrono Boost)  
  27  3:06  Phoenix  
  27  3:12  Probe (Chrono Boost)  
  30  3:13  Probe (Chrono Boost)  
  30  3:18  Assimilator  
  31  3:23  Probe (Chrono Boost), Phoenix  
  31  3:26  Probe (Chrono Boost)  
  35  3:32  Phoenix  
  38  3:42  Probe x2 (Chrono Boost)  
  39  3:49  Phoenix  
  39  3:52  Probe (Chrono Boost)  
  42  4:00  Pylon  
  42  4:02  Probe (Chrono Boost)  
  43  4:04  Phoenix  
  45  4:12  Probe (Chrono Boost)  
  45  4:16  Phoenix  
  48  4:26  Phoenix  
  51  4:32  Probe (Chrono Boost)  
  51  4:38  Phoenix  
  52  4:40  Probe (Chrono Boost)  
  54  4:52  Pylon  
Show
View Real Time Build Order
Export as new Build Order

A.I. 1 (Very Easy) Zerg - Winner!

Build Orders: Pool Only 

Get SALT Encoding   

  12  0:01  Drone  
  13  0:12  Overlord  
  13  0:16  Drone  
  14  0:36  Spawning Pool  
  14  0:38  Extractor  
  14  0:40  Drone  
  13  0:47  Drone  
  14  0:52  Overlord  
  14  1:23  Zergling x2  
  14  1:24  Queen  
  17  1:33  Roach Warren  
  17  1:35  Drone  
  17  1:40  Extractor  
  17  1:42  Zergling x2  
  17  1:44  Drone  
  18  1:56  Drone  
  18  2:00  Zergling x2  
  20  2:07  Drone  
  21  2:17  Drone  
  22  2:28  Drone  
  23  2:31  Overlord  
  23  2:35  Drone  
  24  2:42  Drone  
Tags
 
Add a new tag
Caveats
  • Supply blocks, unpowered buildings, or Contaminate may cause inaccurate times.
  • Supply counts are checked every 10 seconds.